 Dungeon Crawl Stone Soup version 0.29-a0-1023-g6ae1a4a2c7 (webtiles) character file.

Game seed: 10264829330671671827

1730 sanka the Conjurer (level 9, -8/65 HPs)
             Began as a Gnoll Conjurer on Aug 11, 2022.
             Was an Initiate of Ashenzari.
             Succumbed to Duvessa's poison
             ... on level 6 of the Dungeon.
             The game lasted 00:10:55 (7707 turns).

sanka the Conjurer (Gnoll Conjurer)                 Turns: 7707, Time: 00:10:56

Health: -8/65      AC:  3    Str:  7    XL:     9   Next: 5%
Magic:  1/18       EV: 14    Int: 21    God:    Ashenzari [......]
Gold:   327        SH:  0    Dex: 11    Spells: 13/20 levels left

rFire   . . .      SeeInvis .   b - +1 dagger (venom)
rCold   . . .      Faith    .   (no shield)
rNeg    . . .      Spirit   .   k - +0 robe
rPois   .          Reflect  .   r - +0 helmet of Ashenzari's Vexation {Elem, Cun} (curse)
rElec   .          Harm     .   (no cloak)
rCorr   .          Rampage  .   (no gloves)
Will    .....                   (no boots)
Stlth   +++.......              (no amulet)
HPRegen 0.20/turn               (no ring)
MPRegen 0.16/turn               (no ring)

@: brilliant, lethally poisoned (-8 -> -69)
A: fangs 1, strong nose, distributed training
a: Renounce Religion, Shatter the Chains


You were on level 6 of the Dungeon.
You worshipped Ashenzari.
Ashenzari was noncommittal.
You visited 2 branches of the dungeon, and saw 7 of its levels.
You also visited: Sewer.

You collected 327 gold pieces.


Innate Abilities, Weirdness & Mutations

You have very sharp teeth.
Your uncanny sense of smell can sniff out nearby items.
Your experience applies equally to all skills.


   Skills:
 + Level 4.0 Fighting
 + Level 4.0 Short Blades
 + Level 4.0 Long Blades
 + Level 4.0 Axes
 + Level 4.0 Maces & Flails
 + Level 4.0 Polearms
 + Level 4.0 Staves
 + Level 4.0 Ranged Weapons
 + Level 4.0 Throwing
 + Level 4.0 Armour
 + Level 6.1(6.6) Dodging
 + Level 5.8(6.3) Stealth
 + Level 4.0 Shields
 + Level 4.0 Unarmed Combat
 + Level 6.4 Spellcasting
 + Level 7.9 Conjurations
 + Level 3.2 Hexes
 + Level 3.2 Summonings
 + Level 3.2 Necromancy
 + Level 3.2 Translocations
 + Level 3.2 Transmutations
 + Level 3.2(3.6) Fire Magic
 + Level 3.2(3.6) Ice Magic
 + Level 3.2(3.6) Air Magic
 + Level 3.2(3.6) Earth Magic
 + Level 3.2 Poison Magic
 + Level 4.4 Invocations
 + Level 4.0 Evocations


You had 13 spell levels left.
You knew the following spells:

 Your Spells              Type           Power      Damage    Failure   Level
x - Searing Ray           Conj           100%       2d8       1%          2
z - Magic Dart            Conj           100%       1d8       1%          1
Z - Fulminant Prism       Conj/Hex       22%        3d13      10%         4

Your spell library contained the following spells:

 Spells                   Type           Power      Damage    Failure   Level
 Slow                     Hex            100%       N/A       2%          1
 Dazzling Flash           Conj/Hex       90%        N/A       2%          3
 Poisonous Vapours        Pois/Air       64%        N/A       3%          2
 Confusing Touch          Hex            30%        N/A       8%          3
 Vampiric Draining        Necr           30%        2d8       8%          3
 Iskenderun's Mystic Bla  Conj/Tloc      45%        2d10      10%         4
 Corpse Rot               Necr/Pois/Air  31%        N/A       22%         4

Inventory:

Hand Weapons
 a - a +3 vorpal long sword
 b - a +1 dagger of venom (weapon)
Missiles
 y - 5 javelins
 D - 6 poisoned darts
Armour
 k - a +0 robe (worn)
 m - a +0 buckler
 r - the cursed +0 helmet of Ashenzari's Vexation (worn) {Elem, Cun}

   It has a curse which improves the following skills: Elements: Fire Magic, Ice
   Magic, Air Magic and Earth Magic.
   Cunning:   Dodging and Stealth.
Magical Staves
 t - a staff of fire
Jewellery
 C - a ring of positive energy
Scrolls
 c - 2 scrolls of immolation {unknown}
 d - 6 scrolls of identify {unknown}
 e - a scroll of summoning {unknown}
 g - 2 scrolls of magic mapping {unknown}
 h - 2 scrolls of fear {unknown}
 i - 2 scrolls of vulnerability {unknown}
 o - 2 scrolls of enchant weapon {unknown}
 p - a scroll of blinking {unknown}
 q - a scroll of brand weapon {unknown}
 v - a scroll of teleportation {unknown}
 w - 2 scrolls of noise {unknown}
 z - a scroll of enchant armour {unknown}
 A - a scroll of acquirement {unknown}
Potions
 f - 2 potions of lignification {unknown}
 j - 3 potions of brilliance
 l - 2 potions of magic
 n - 2 potions of degeneration {unknown}
 s - a potion of might {unknown}
 u - 4 potions of haste {unknown}
 x - a potion of resistance {unknown}
 B - a potion of heal wounds {unknown}
 E - a potion of attraction {unknown}

Dungeon Overview and Level Annotations

Branches:
Dungeon (6/15)             Temple (1/1) D:4           Sewer (visited)

Altars:
Ashenzari
Cheibriados
Gozag
Kikubaaqudgha
Qazlal
Ru
Uskayaw
Vehumet
Wu Jian
Xom
The Shining One

Annotations:
D:6 Duvessa

.▒ ▒..▒▒▒▒▒▒▒▒ .▒
▒..▒......▒▒ .▒▒▒▒▒▒
▒▒▒▒▒▒.>........▒
.▒▒...▒
▒................
.†...▒▒
▒▒▒▒..▒..........
..▒..▒▒
▒....▒▒..........
▒▒▒▒..▒
▒.▒▒............. ▒▒▒▒
▒▒▒▒▒▒▒................
▒...)eg.▒▒.▒..........▒
...▒▒.▒▒....▒▒▒........▒
.. ▒▒▒▒.▒▒..[....... ...
▒▒▒▒.......... ...
▒.......... ..
▒.......... .
▒.......... ▒▒........▒
▒▒......▒▒


You could see Duvessa (berserk, fast).


Message History

Your Axes skill increases to level 4!
Your Maces & Flails skill increases to level 4!
Your Polearms skill increases to level 4!
Your Staves skill increases to level 4!
Your Ranged Weapons skill increases to level 4!
Your Throwing skill increases to level 4!
Your Armour skill increases to level 4!
Your Shields skill increases to level 4!
Your Unarmed Combat skill increases to level 4!
Your Evocations skill increases to level 4!
Unknown command.
Unknown command.
Restarting spell: Searing Ray (safe; 1% risk of failure)
Aim: Duvessa, wielding a +0 short sword of venom and wearing a +3 chain mail (almost dead, berserk, fast, 89% to hit)
The searing ray hits Duvessa but does no damage.
Duvessa is almost dead. (Press . to maintain the ray.)
* * * LOW HITPOINT WARNING * * *
You feel extremely sick.
Duvessa hits you with a +0 short sword of venom!
* * * LOW HITPOINT WARNING * * *
You are more poisoned.
Duvessa hits you with a +0 short sword of venom!
* * * LOW HITPOINT WARNING * * *
You are more poisoned.
Unknown command.
Unknown command.
It was a potion of brilliance.
You feel clever all of a sudden.
You die...

Action                   |  1- 3 |  4- 6 |  7- 9 || total
-------------------------+-------+-------+-------++-------
Melee: Unarmed           |    25 |       |       ||    25
       Bite              |     2 |     5 |       ||     7
       Dagger            |       |    52 |     4 ||    56
       Punch             |       |     1 |       ||     1
 Cast: Magic Dart        |    70 |   105 |    81 ||   256
       Searing Ray       |       |     7 |    33 ||    40
       Fulminant Prism   |       |       |     3 ||     3
Invok: Curse Item        |       |       |     1 ||     1
  Use: Potion            |       |       |     1 ||     1
 Stab: Sleeping          |       |     2 |       ||     2
Armor: Robe              |     5 |    13 |    13 ||    31
Dodge: Dodged            |    24 |    31 |    21 ||    76

Levels and vault maps discovered:
D:1:      dpeg_arrival_solitude, layout_loops_ring, roderic_lattice_a,
          kennysheep_doodads, minmay_octomino_j4
D:2:      layout_basic
D:3:      layout_basic, hellmonk_ecumenical_altar_zigzags, minmay_surrounded
D:4:      layout_layer_cave, temple_green, portal_sewer_entry_d
D:5:      layout_cave_pools, nicolae_elevator_lobby_asterisk, uniq_edmund
D:6:      minmay_klotski, layout_rooms, uniq_duvessa
Temple:   compressed_dpeg_triangle_lava_temple

Notes
Turn   | Place    | Note
-------+----------+-------------------------------------------
     0 | D:1      | sanka the Gnoll Conjurer began the quest for the Orb.
     0 | D:1      | Reached XP level 1. HP: 13/13 MP: 6/6
   138 | D:1      | Reached XP level 2. HP: 19/19 MP: 5/7
   711 | D:1      | Reached skill level 5 in Spellcasting
   711 | D:1      | Reached XP level 3. HP: 21/25 MP: 1/9
   919 | D:1      | Reached skill level 1 in Invocations
  1361 | D:2      | Learned a level 2 spell: Searing Ray
  1491 | D:2      | Reached skill level 1 in Fighting
  1491 | D:2      | Reached skill level 1 in Short Blades
  1491 | D:2      | Reached skill level 1 in Long Blades
  1491 | D:2      | Reached skill level 1 in Axes
  1491 | D:2      | Reached skill level 1 in Maces & Flails
  1491 | D:2      | Reached skill level 1 in Polearms
  1491 | D:2      | Reached skill level 1 in Staves
  1491 | D:2      | Reached skill level 1 in Ranged Weapons
  1491 | D:2      | Reached skill level 1 in Throwing
  1491 | D:2      | Reached skill level 1 in Armour
  1491 | D:2      | Reached skill level 1 in Shields
  1491 | D:2      | Reached skill level 1 in Unarmed Combat
  1491 | D:2      | Reached skill level 1 in Evocations
  1496 | D:2      | Reached XP level 4. HP: 32/32 MP: 1/11
  1891 | D:2      | Reached skill level 1 in Hexes
  1891 | D:2      | Reached skill level 1 in Summonings
  1891 | D:2      | Reached skill level 1 in Necromancy
  1891 | D:2      | Reached skill level 1 in Translocations
  1891 | D:2      | Reached skill level 1 in Transmutations
  1891 | D:2      | Reached skill level 1 in Fire Magic
  1891 | D:2      | Reached skill level 1 in Ice Magic
  1891 | D:2      | Reached skill level 1 in Air Magic
  1891 | D:2      | Reached skill level 1 in Earth Magic
  1891 | D:2      | Reached skill level 1 in Poison Magic
  2624 | D:2      | Learned a level 4 spell: Fulminant Prism
  3121 | D:3      | Reached XP level 5. HP: 37/37 MP: 9/12
  3270 | D:3      | Found a faded altar of an unknown god.
  3473 | D:3      | Reached skill level 2 in Invocations
  3476 | D:3      | Reached XP level 6. HP: 24/44 MP: 10/14
  3568 | D:3      | Reached skill level 5 in Dodging
  3854 | D:4      | Reached skill level 2 in Fighting
  3854 | D:4      | Reached skill level 2 in Short Blades
  3854 | D:4      | Reached skill level 2 in Long Blades
  3854 | D:4      | Reached skill level 2 in Axes
  3854 | D:4      | Reached skill level 2 in Maces & Flails
  3854 | D:4      | Reached skill level 2 in Polearms
  3854 | D:4      | Reached skill level 2 in Staves
  3854 | D:4      | Reached skill level 2 in Ranged Weapons
  3854 | D:4      | Reached skill level 2 in Throwing
  3854 | D:4      | Reached skill level 2 in Armour
  3854 | D:4      | Reached skill level 2 in Shields
  3854 | D:4      | Reached skill level 2 in Unarmed Combat
  3854 | D:4      | Reached skill level 2 in Evocations
  4147 | D:4      | Found a glowing drain.
  4156 | Sewer    | Entered a sewer
  4282 | Sewer    | Reached XP level 7. HP: 50/50 MP: 11/15
  4659 | Sewer    | Reached skill level 2 in Hexes
  4659 | Sewer    | Reached skill level 2 in Summonings
  4659 | Sewer    | Reached skill level 2 in Necromancy
  4659 | Sewer    | Reached skill level 2 in Translocations
  4659 | Sewer    | Reached skill level 2 in Transmutations
  4659 | Sewer    | Reached skill level 2 in Fire Magic
  4659 | Sewer    | Reached skill level 2 in Ice Magic
  4659 | Sewer    | Reached skill level 2 in Air Magic
  4659 | Sewer    | Reached skill level 2 in Earth Magic
  4659 | Sewer    | Reached skill level 2 in Poison Magic
  4714 | Sewer    | Found a viscous altar of Jiyva.
  4933 | D:4      | Found a staircase to the Ecumenical Temple.
  5080 | Temple   | Entered the Ecumenical Temple
  5098 | Temple   | Became a worshipper of Ashenzari the Shackled
  5634 | D:5      | Entered Level 5 of the Dungeon
  5650 | D:5      | Noticed Edmund
  5675 | D:5      | Reached skill level 5 in Stealth
  5778 | D:5      | Reached skill level 3 in Invocations
  5782 | D:5      | Killed Edmund
  5943 | D:5      | Reached skill level 3 in Fighting
  5943 | D:5      | Reached skill level 3 in Short Blades
  5943 | D:5      | Reached skill level 3 in Long Blades
  5943 | D:5      | Reached skill level 3 in Axes
  5943 | D:5      | Reached skill level 3 in Maces & Flails
  5943 | D:5      | Reached skill level 3 in Polearms
  5943 | D:5      | Reached skill level 3 in Staves
  5943 | D:5      | Reached skill level 3 in Ranged Weapons
  5943 | D:5      | Reached skill level 3 in Throwing
  5943 | D:5      | Reached skill level 3 in Armour
  5943 | D:5      | Reached skill level 3 in Shields
  5943 | D:5      | Reached skill level 3 in Unarmed Combat
  5943 | D:5      | Reached skill level 3 in Evocations
  5943 | D:5      | Reached XP level 8. HP: 25/58 MP: 4/16
  6412 | D:5      | Reached skill level 6 in Spellcasting
  7115 | D:6      | Reached skill level 4 in Invocations
  7255 | D:6      | Reached skill level 3 in Hexes
  7255 | D:6      | Reached skill level 3 in Summonings
  7255 | D:6      | Reached skill level 3 in Necromancy
  7255 | D:6      | Reached skill level 3 in Translocations
  7255 | D:6      | Reached skill level 3 in Transmutations
  7255 | D:6      | Reached skill level 3 in Fire Magic
  7255 | D:6      | Reached skill level 3 in Ice Magic
  7255 | D:6      | Reached skill level 3 in Air Magic
  7255 | D:6      | Reached skill level 3 in Earth Magic
  7255 | D:6      | Reached skill level 3 in Poison Magic
  7493 | D:6      | Reached skill level 6 in Dodging
  7615 | D:6      | Reached XP level 9. HP: 64/65 MP: 10/18
  7696 | D:6      | Noticed Duvessa
  7698 | D:6      | Noticed Dowan
  7705 | D:6      | Killed Dowan
  7706 | D:6      | Reached skill level 4 in Fighting
  7706 | D:6      | Reached skill level 4 in Short Blades
  7706 | D:6      | Reached skill level 4 in Long Blades
  7706 | D:6      | Reached skill level 4 in Axes
  7706 | D:6      | Reached skill level 4 in Maces & Flails
  7706 | D:6      | Reached skill level 4 in Polearms
  7706 | D:6      | Reached skill level 4 in Staves
  7706 | D:6      | Reached skill level 4 in Ranged Weapons
  7706 | D:6      | Reached skill level 4 in Throwing
  7706 | D:6      | Reached skill level 4 in Armour
  7706 | D:6      | Reached skill level 4 in Shields
  7706 | D:6      | Reached skill level 4 in Unarmed Combat
  7706 | D:6      | Reached skill level 4 in Evocations
  7706 | D:6      | HP: 5/65 [Duvessa/+0 short sword of venom (7)]
  7707 | D:6      | Succumbed to Duvessa's poison

Vanquished Creatures
  A water moccasin (D:6)
  Edmund (D:5)
  An ice beast (D:6)
  A sky beast (D:6)
  2 black bears (D:5)
  2 ogres
  2 phantoms
  2 scorpions
  A necrophage (D:6)
  Dowan (D:6)
  A hound (D:6)
  2 orc priests
  2 jellies (Sewer)
  An iguana (D:5)
  4 orc wizards
  A gnoll (D:3)
  13 adders
  5 river rats (Sewer)
  A shadow imp (D:6)
  An ufetubus (D:5)
  A worm (D:2)
  2 dart slugs
  11 orcs
  5 bats
  16 endoplasms
  10 giant cockroaches
  8 hobgoblins
  9 jackals
  5 quokkas
  7 ball pythons
  7 frilled lizards
  6 goblins
  8 kobolds
  9 rats
149 creatures vanquished.

Vanquished Creatures (others)
  An orc wizard (D:6)
  3 fulminant prisms (D:6)
4 creatures vanquished.

Grand Total: 153 creatures vanquished
